 Dungeon Crawl Stone Soup version 0.29.0-4-gdea44cf6ec (webtiles) character file.

Game seed: 5717705019943058180

863 qw the Ruffian (level 8, -4/63 HPs)
             Began as a Ghoul Fire Elementalist on Aug 29, 2022.
             Was an Initiate of Okawaru.
             Slain by Edmund
             ... wielding a +7 dire flail of holy wrath
              (9 damage)
             ... on level 5 of the Dungeon.
             The game lasted 00:04:44 (5993 turns).

qw the Ruffian (Ghoul Fire Elementalist)            Turns: 5993, Time: 00:04:44

Health: -4/63      AC: 16    Str: 13 (14) XL:     8   Next: 2%
Magic:  9/9        EV:  2    Int:  8 (10) God:    Okawaru [......]
Gold:   266        SH: 11    Dex:  9      Spells: 9/10 levels left

rFire   + . .      SeeInvis .     - Unarmed
rCold   + . .      Faith    .   c - +0 tower shield
rNeg    + + +      Spirit   .   d - +0 chain mail
rPois   inf        Reflect  .   g - +0 helmet
rElec   .          Harm     .   m - +0 cloak
rCorr   .          Rampage  .   (no gloves)
Will    .....                   k - +0 pair of boots
Stlth   ..........              (no amulet)
HPRegen 0.00/turn               a - ring of protection from fire
MPRegen 0.11/turn               l - +4 ring of protection

@: inhibited regen
A: claws 1, cold resistance 1, negative energy resistance 3, inhibited
regeneration, torment resistance 2, devour on kill
a: Renounce Religion


You were on level 5 of the Dungeon.
You worshipped Okawaru.
Okawaru was noncommittal.
You visited 2 branches of the dungeon, and saw 6 of its levels.

You collected 266 gold pieces.


Innate Abilities, Weirdness & Mutations

You are immune to poison.
You have sharp fingernails.
Your flesh is cold resistant. (rC+)
You are immune to negative energy. (rN+++)
You do not regenerate when monsters are visible.
You are immune to unholy pain and torment.
You thrive by killing the living.


   Skills:
 - Level 3.0 Fighting
 - Level 3.5 Armour
 - Level 1.7 Dodging
 - Level 2.1 Stealth
 + Level 3.1 Shields
 - Level 6.4 Unarmed Combat
 - Level 1.7 Spellcasting
 - Level 0.7 Conjurations
 - Level 2.4 Fire Magic


You had 9 spell levels left.
You knew the following spells:

 Your Spells              Type           Power      Damage    Failure   Level
a - Foxfire               Conj/Fire      12%        2x1d4     100%        1

Your spell library contained the following spells:

 Spells                   Type           Power      Damage    Failure   Level
 Scorch                   Fire           8%         2d5       100%        2
 Conjure Flame            Conj/Fire      3%         6-21      100%        3
 Inner Flame              Hex/Fire       2%         N/A       100%        3
 Flame Wave               Conj/Fire      3%         2d5       100%        4

Inventory:

Missiles
 f - a boomerang (quivered)
Armour
 c - a +0 tower shield (worn)
 d - a +0 chain mail (worn)
 g - a +0 helmet (worn)
 k - a +0 pair of boots (worn)
 m - a +0 cloak (worn)
Jewellery
 a - a ring of protection from fire (left claw)
 l - a +4 ring of protection (right claw)
Scrolls
 n - a scroll of teleportation {unknown}
 o - a scroll of enchant weapon
Potions
 b - a potion of mutation {unknown}
 h - a potion of attraction {unknown}
 i - a potion of might
 j - a potion of berserk rage {unknown}

Dungeon Overview and Level Annotations

Branches:
Dungeon (5/15)             Temple (1/1) D:5

Altars:
Ashenzari
Cheibriados
Dithmenos
Fedhas
Gozag
Hepliaklqana
Kikubaaqudgha
Makhleb
Nemelex Xobeh
Okawaru
Qazlal
Ru
Sif Muna
Trog
Uskayaw
Vehumet
Wu Jian
Xom
Yredelemnul

Annotations:
D:5 1 runed translucent door, Edmund; qw's ghost, novice TeWr


Message History

Edmund is heavily wounded.
You block Edmund's attack.
You closely miss Edmund.
Edmund is heavily wounded.
Edmund hits you but does no damage. x2
You scratch Edmund but do no damage.
Edmund is heavily wounded.
Edmund hits you with a +7 dire flail of holy wrath.
You convulse.
5985 ||| DRINKING potion of heal wounds.
You feel much better.
Edmund says, "People accused me of being a cutpurse!"
You block Edmund's attack.
You barely miss Edmund.
Edmund is heavily wounded.
Edmund hits you but does no damage.
You scratch Edmund but do no damage.
Edmund is heavily wounded.
You block Edmund's attack. Edmund hits you but does no damage.
You claw Edmund!
Edmund is heavily wounded.
You block Edmund's attack.
You scratch Edmund but do no damage.
Edmund is heavily wounded.
You block Edmund's attack.
You scratch Edmund.
Edmund is severely wounded.
Edmund hits you with a +7 dire flail of holy wrath.
You convulse.
You scratch Edmund but do no damage.
Edmund is severely wounded.
Edmund hits you with a +7 dire flail of holy wrath!
You convulse!
Edmund hits you but does no damage.
You scratch Edmund.
Edmund is almost dead.
Edmund hits you but does no damage.
You closely miss Edmund.
Edmund is severely wounded.
Edmund hits you with a +7 dire flail of holy wrath!
You die...

#.........#
#.........#
#.........#
#.........
#........
#....?.#
#....@.+
#<..@# #....#
##...+ #...#
#.#####
#.'...+
###...#####
#.......#.+
#'#...#'#.###


You could see Edmund.

Vanquished Creatures
  Grinder (D:3)
  A black bear (D:4)
  2 scorpions
  A howler monkey (D:5)
  3 hounds
  2 orc priests
  3 orc wizards
  6 adders
  A shadow imp (D:5)
  An ufetubus (D:5)
  4 worms
  3 dart slugs
  14 orcs
  4 ball pythons
  5 endoplasms
  4 giant cockroaches
  8 goblins
  14 hobgoblins
  3 jackals (D:4)
  5 quokkas
  A bat (D:2)
  A frilled lizard (D:1)
  9 kobolds
  3 rats
99 creatures vanquished.

Notes
Turn   | Place    | Note
-------+----------+-------------------------------------------
     0 | D:1      | qw the Ghoul Fire Elementalist began the quest for the Orb.
     0 | D:1      | Reached XP level 1. HP: 14/14 MP: 2/2
     0 | D:1      | 0 ||| qw: Version: 0.1-a-90-g952f4b7
     0 | D:1      | 0 ||| qw: Game counter: 3781
     0 | D:1      | 0 ||| qw: Always use a shield: true
     0 | D:1      | 0 ||| qw: God list: Okawaru
     0 | D:1      | 0 ||| qw: Allow faded altars: false
     0 | D:1      | 0 ||| qw: Do Orc after D:15 true
     0 | D:1      | 0 ||| qw: Do second Lair branch before Depths: true
     0 | D:1      | 0 ||| qw: Lair rune preference: random
     0 | D:1      | 0 ||| qw: Plans: Normal
     0 | D:1      | 0 ||| PLANNING D:1-11
   119 | D:1      | Reached skill level 1 in Unarmed Combat
   132 | D:1      | Found a faded altar of an unknown god.
   261 | D:1      | Reached skill level 1 in Fighting
   261 | D:1      | Reached XP level 2. HP: 23/23 MP: 3/3
   308 | D:1      | 308 ||| Stepping ~*~*~tactically~*~*~ (stealth).
   310 | D:1      | 310 ||| Stepping ~*~*~tactically~*~*~ (stealth).
   836 | D:1      | 836 ||| Stepping ~*~*~tactically~*~*~ (hiding).
   938 | D:1      | 938 ||| Stepping ~*~*~tactically~*~*~ (hiding).
  1040 | D:1      | 1040 ||| Stepping ~*~*~tactically~*~*~ (hiding).
  1142 | D:1      | 1142 ||| Stepping ~*~*~tactically~*~*~ (hiding).
  1244 | D:1      | 1244 ||| Stepping ~*~*~tactically~*~*~ (hiding).
  1346 | D:1      | 1346 ||| Stepping ~*~*~tactically~*~*~ (hiding).
  1448 | D:1      | 1448 ||| Stepping ~*~*~tactically~*~*~ (hiding).
  1550 | D:1      | 1550 ||| Stepping ~*~*~tactically~*~*~ (hiding).
  1652 | D:1      | 1652 ||| Stepping ~*~*~tactically~*~*~ (hiding).
  1715 | D:1      | Reached skill level 2 in Unarmed Combat
  2053 | D:1      | Reached XP level 3. HP: 27/28 MP: 4/4
  2264 | D:1      | 2264 ||| UPGRADING to +0 ring mail.
  2274 | D:1      | 2274 ||| DROPPING +0 robe.
  2275 | D:1      | 2275 ||| UPGRADING to +0 helmet.
  2280 | D:1      | 2280 ||| READING scroll labelled YHICAEHERU.
  2281 | D:1      | 2281 ||| DRINKING 2 emerald potions.
  2282 | D:1      | 2282 ||| DROPPING potion of magic.
  2411 | D:2      | 2411 ||| Stepping ~*~*~tactically~*~*~ (stealth).
  2480 | D:2      | Reached skill level 3 in Unarmed Combat
  2487 | D:2      | 2487 ||| FLEEEEING.
  2488 | D:2      | 2488 ||| FLEEEEING.
  2495 | D:2      | 2495 ||| STAIRDANCE
  2765 | D:2      | Reached XP level 4. HP: 35/35 MP: 5/5
  3119 | D:2      | 3119 ||| UPGRADING to +0 scale mail.
  3129 | D:2      | 3129 ||| DROPPING +0 ring mail.
  3130 | D:2      | 3130 ||| READING scroll labelled TOC YCYIRROD.
  3131 | D:2      | 3131 ||| READING scroll labelled KUESTR PENEDUD.
  3132 | D:2      | 3132 ||| READING scroll labelled FAICOFFOSCH.
  3133 | D:2      | 3133 ||| READING scroll labelled TIUCOA IDAI.
  3134 | D:2      | 3134 ||| READING scroll labelled QATUEGH VACO.
  3155 | D:3      | 3155 ||| STAIRDANCE
  3160 | D:2      | Reached skill level 4 in Unarmed Combat
  3177 | D:3      | 3177 ||| STAIRDANCE
  3326 | D:3      | 3326 ||| Stepping ~*~*~tactically~*~*~ (stealth).
  3330 | D:3      | 3330 ||| Stepping ~*~*~tactically~*~*~ (hiding).
  3337 | D:3      | 3337 ||| Stepping ~*~*~tactically~*~*~ (outnumbered).
  3340 | D:3      | 3340 ||| DRINKING potion of curing.
  3340 | D:3      | 3340 ||| (to cure confusion)
  3346 | D:3      | Reached XP level 5. HP: 36/41 MP: 6/6
  3350 | D:3      | 3350 ||| Stepping ~*~*~tactically~*~*~ (outnumbered).
  3351 | D:3      | 3351 ||| Stepping ~*~*~tactically~*~*~ (outnumbered).
  3423 | D:3      | 3423 ||| Stepping ~*~*~tactically~*~*~ (stealth).
  3449 | D:3      | 3449 ||| Stepping ~*~*~tactically~*~*~ (outnumbered).
  3520 | D:3      | HP: 7/41 [orc priest/+0 war axe (5)]
  3523 | D:3      | HP: 1/41 [orc priest/+0 war axe (6)]
  3529 | D:3      | Reached skill level 5 in Unarmed Combat
  3960 | D:3      | Noticed Grinder
  3961 | D:3      | 3961 ||| Stepping ~*~*~tactically~*~*~ (hiding).
  3963 | D:3      | 3963 ||| Stepping ~*~*~tactically~*~*~ (hiding).
  3965 | D:3      | 3965 ||| Stepping ~*~*~tactically~*~*~ (hiding).
  3977 | D:3      | Killed Grinder
  3978 | D:3      | Reached skill level 3 in Armour
  3978 | D:3      | Reached XP level 6. HP: 32/48 MP: 7/7
  3983 | D:3      | 3983 ||| FLEEEEING.
  3984 | D:3      | 3984 ||| FLEEEEING.
  3985 | D:3      | 3985 ||| FLEEEEING.
  3986 | D:3      | 3986 ||| FLEEEEING.
  3987 | D:3      | 3987 ||| FLEEEEING.
  3988 | D:3      | 3988 ||| FLEEEEING.
  3989 | D:3      | 3989 ||| FLEEEEING.
  3990 | D:3      | 3990 ||| FLEEEEING.
  3991 | D:3      | 3991 ||| FLEEEEING.
  3992 | D:3      | 3992 ||| FLEEEEING.
  4003 | D:3      | 4003 ||| FLEEEEING.
  4117 | D:3      | 4117 ||| Stepping ~*~*~tactically~*~*~ (stealth).
  4240 | D:3      | 4240 ||| Stepping ~*~*~tactically~*~*~ (stealth).
  4241 | D:3      | 4241 ||| Stepping ~*~*~tactically~*~*~ (stealth).
  4258 | D:3      | 4258 ||| UPGRADING to +0 chain mail.
  4268 | D:3      | 4268 ||| DROPPING +0 scale mail.
  4269 | D:3      | 4269 ||| UPGRADING to ring of protection from fire.
  4270 | D:3      | 4270 ||| READING 2 scrolls labelled GOARPHUYZIU.
  4271 | D:3      | 4271 ||| READING scroll labelled WIQICZEUHI.
  4272 | D:3      | 4272 ||| READING scroll labelled YVUAFI KINLEUG.
  4273 | D:3      | 4273 ||| READING scroll labelled LALIKA QUG APO.
  4274 | D:3      | 4274 ||| DRINKING 2 sedimented white potions.
  4275 | D:3      | 4275 ||| DROPPING potion of degeneration.
  4276 | D:3      | 4276 ||| DROPPING scroll of amnesia.
  4364 | D:4      | Noticed a black bear
  4381 | D:4      | Killed a black bear
  4382 | D:4      | Reached XP level 7. HP: 32/55 MP: 8/8
  4386 | D:4      | 4386 ||| Stepping ~*~*~tactically~*~*~ (stealth).
  4497 | D:4      | 4497 ||| Stepping ~*~*~tactically~*~*~ (stealth).
  4504 | D:4      | Reached skill level 6 in Unarmed Combat
  4596 | D:4      | 4596 ||| Stepping ~*~*~tactically~*~*~ (outnumbered).
  4733 | D:4      | 4733 ||| Stepping ~*~*~tactically~*~*~ (outnumbered).
  4734 | D:4      | 4734 ||| Stepping ~*~*~tactically~*~*~ (outnumbered).
  4748 | D:4      | 4748 ||| Stepping ~*~*~tactically~*~*~ (stealth).
  4750 | D:4      | 4750 ||| Stepping ~*~*~tactically~*~*~ (hiding).
  4753 | D:4      | 4753 ||| Stepping ~*~*~tactically~*~*~ (hiding).
  4754 | D:4      | 4754 ||| Stepping ~*~*~tactically~*~*~ (hiding).
  4803 | D:4      | 4803 ||| Stepping ~*~*~tactically~*~*~ (hiding).
  4822 | D:4      | Reached skill level 3 in Fighting
  5327 | D:4      | 5327 ||| UPGRADING to +0 tower shield.
  5332 | D:4      | 5332 ||| UPGRADING to +0 pair of boots.
  5337 | D:4      | 5337 ||| UPGRADING to +0 cloak.
  5342 | D:4      | 5342 ||| UPGRADING to +4 ring of protection.
  5357 | D:5      | Entered Level 5 of the Dungeon
  5368 | D:5      | Found a runed translucent door.
  5368 | D:5      | Noticed qw's ghost (novice TeWr)
  5394 | D:5      | Found a bloodstained altar of Trog.
  5394 | D:5      | Found a burning altar of Makhleb.
  5443 | D:5      | Reached skill level 1 in Shields
  5446 | D:5      | 5446 ||| FLEEEEING.
  5447 | D:5      | 5447 ||| FLEEEEING.
  5448 | D:5      | 5448 ||| FLEEEEING.
  5449 | D:5      | 5449 ||| FLEEEEING.
  5450 | D:5      | 5450 ||| FLEEEEING.
  5450 | D:5      | Found a staircase to the Ecumenical Temple.
  5451 | D:5      | 5451 ||| PLANNING TEMPLE
  5451 | D:5      | 5451 ||| FLEEEEING.
  5452 | D:5      | 5452 ||| FLEEEEING.
  5453 | D:5      | 5453 ||| FLEEEEING.
  5454 | D:5      | 5454 ||| FLEEEEING.
  5456 | D:5      | 5456 ||| FLEEEEING.
  5457 | D:5      | 5457 ||| FLEEEEING.
  5459 | D:5      | 5459 ||| FLEEEEING.
  5460 | D:5      | 5460 ||| FLEEEEING.
  5461 | D:5      | 5461 ||| STAIRDANCE
  5533 | D:4      | 5533 ||| DRINKING 2 sapphire potions.
  5536 | D:5      | 5536 ||| STAIRDANCE
  5548 | D:5      | 5548 ||| DRINKING potion of curing.
  5548 | D:5      | 5548 ||| (to cure confusion)
  5554 | D:5      | 5554 ||| STAIRDANCE
  5670 | Temple   | Entered the Ecumenical Temple
  5681 | Temple   | Became a worshipper of Warmaster Okawaru
  5704 | Temple   | 5704 ||| PLANNING D:1-11
  5818 | D:5      | 5818 ||| Stepping ~*~*~tactically~*~*~ (stealth).
  5828 | D:5      | 5828 ||| Stepping ~*~*~tactically~*~*~ (hiding).
  5832 | D:5      | 5832 ||| Stepping ~*~*~tactically~*~*~ (stealth).
  5843 | D:5      | Reached skill level 3 in Shields
  5843 | D:5      | Reached XP level 8. HP: 52/63 MP: 9/9
  5970 | D:5      | Noticed Edmund
  5984 | D:5      | HP: 12/63 [Edmund/+7 dire flail of holy wrath (6)]
  5985 | D:5      | 5985 ||| DRINKING potion of heal wounds.
  5991 | D:5      | HP: 14/63 [Edmund/+7 dire flail of holy wrath (7)]
  5991 | D:5      | HP: 5/63 [Edmund/+7 dire flail of holy wrath (9)]
  5993 | D:5      | Slain by Edmund

Levels and vault maps discovered:
D:1:      giann_horns, layout_basic, shapermc_ecumenical_altar_rom_forum
D:2:      layout_basic, minmay_tetromino_o2
D:3:      layout_rooms, minmay_pentomino_pile, uniq_grinder
D:4:      layout_loops_cross, serial_rivers, chequers_serial_rivers_small_b,
          chequers_serial_rivers_micro_d, chequers_serial_rivers_small_b,
          chequers_serial_rivers_micro_e, chequers_serial_rivers_micro_e,
          chequers_serial_rivers_room_b
D:5:      nicolae_cairo_tiling_large, layout_rooms,
          nicolae_overflow_two_pavilions, minmay_temple_entry_wispy,
          gammafunk_ghost_grave, uniq_edmund
Temple:   hellmonk_temple_of_storms

Skill      XL: |  1  2  3  4  5  6  7 |
---------------+----------------------+-----
Unarmed Combat | 1 2 3 4 5 6 |  6.4
Fighting       | 1 2 3 |  3.0
Armour         | 3 |  3.5
Shields        | 3 |  3.1
Dodging        | |  1.7
Stealth        | |  2.1
Spellcasting   | |  1.7
Conjurations   | |  0.7
Fire Magic     | |  2.4

Action                   |  1- 3 |  4- 6 |  7- 9 || total
-------------------------+-------+-------+-------++-------
Melee: Unarmed           |   152 |   159 |   142 ||   453
       Punch             |     2 |     5 |       ||     7
Throw: Boomerang         |       |       |    13 ||    13
  Use: Scroll            |     1 |     9 |       ||    10
       Potion            |     1 |     2 |     3 ||     6
 Stab: Sleeping          |     1 |       |       ||     1
Armor: Robe              |     9 |       |       ||     9
       Ring mail         |    27 |     8 |       ||    35
       Scale mail        |       |    50 |       ||    50
       Chain mail        |       |    20 |    86 ||   106
Dodge: Dodged            |    91 |    59 |    15 ||   165
Block: Tower shield      |       |       |    35 ||    35

Table legend:
 A = Non-vault XP
 B = Vault XP
 C = Vault XP percentage of total XP
 D = Non-vault monster count
 E = Vault monster count
 F = Vault count percentage of total count
                 A         B        C        D         E       F
            +---------+---------+-------+---------+---------+-------
      Total |     936 |     297 |  24.1 |      96 |       3 |   3.0
            +---------+---------+-------+---------+---------+-------
        D:1 |      36 |       0 |   0.0 |      20 |       0 |   0.0
        D:2 |      79 |       1 |   1.2 |      21 |       1 |   4.5
        D:3 |     138 |     296 |  68.2 |      22 |       2 |   8.3
        D:4 |     367 |       0 |   0.0 |      21 |       0 |   0.0
        D:5 |     316 |       0 |   0.0 |      12 |       0 |   0.0
            +---------+---------+-------+---------+---------+-------
